 Dungeon Sprint DCSS version 0.29-a0-517-gbdf32494f2 (webtiles) character file.

Game seed: 11230632335024364315

287763 mhtbhm the Brawler (level 13, 184/184 HPs)
             Began as an Ogre Transmuter on May 30, 2022.
             Was an Initiate of Gozag.
             Escaped with the Orb!
             The game lasted 00:21:39 (6783 turns).

mhtbhm the Brawler (Ogre Transmuter)                Turns: 6783, Time: 00:21:39

Health: 184/184    AC: 20    Str: 27    XL:     13   Next: 73%
Magic:  31/31      EV: 12    Int: 24    God:    Gozag
Gold:   1355       SH:  0    Dex: 11    Spells: 26/48 levels left

rFire   + + .      SeeInvis .     - Unarmed
rCold   . . .      Faith    .   (shield currently unavailable)
rNeg    + + .      Spirit   .   (body armour currently unavailable)
rPois   +          Reflect  .   (helmet currently unavailable)
rElec   +          Harm     .   (cloak currently unavailable)
rCorr   +          Rampage  .   (gloves unavailable)
Will    +....      NoTele   +   (boots unavailable)
Stlth   +.........              s - amulet of the Lonely Portals {rPois Regen+ rCorr Int+4 Dex+2}
HPRegen 1.20/turn               j - ring of Xom's Full Attention {rElec rPois rN+ rCorr Int+4}
MPRegen 0.22/turn               n - ring of Etajomamu {rPois rC+ rN+ AC+4}

@: dragon-form, flying
A: dragon claw, dragon scales, breathe fire, flying, boosted hp, giant,
unfitting armour, (tough skin 1), (antennae 1), (hooves 1), (deformed body),
frail 1, low MP 1, weak 1, MP-powered wands
0: Orb of Zot
a: Breathe Fire, End Transformation, Renounce Religion, Potion Petition, Call
Merchant, Bribe Branch


You escaped.
You worshipped Gozag.
Gozag was most pleased with you.
You were a fearsome dragon!
You visited 1 branch You collected 14556 gold pieces.
You spent 5504 gold pieces at shops.
You paid 7697 gold pieces to Gozag.

Inventory:

Missiles
 e - 3 curare-tipped darts (quivered)
Armour
 a - a +2 robe of cold resistance (melded)
 B - the +0 mask of the Dragon (melded) {Will+ Slay+3 SInv}
   (You found it in the Dungeon)

   Slay:      It affects your accuracy & damage with ranged weapons and melee
   (+3).
   SInv:      It lets you see invisible.
   Will:      It increases your willpower.
Jewellery
 j - the ring of Xom's Full Attention (left foreclaw) {rElec rPois rN+ rCorr Int+4}
   (You bought it in a shop in the Dungeon)

   [ring of poison resistance]

   Int:       It affects your intelligence (+4).
   rElec:     It insulates you from electricity.
   rPois:     It protects you from poison.
   rN:        It protects you from negative energy.
   rCorr:     It protects you from acid and corrosion.
 n - the ring of Etajomamu (right foreclaw) {rPois rC+ rN+ AC+4}
   (You bought it in a shop in the Dungeon)

   [ring of protection]

   AC:        It affects your AC (+4).
   rC:        It protects you from cold.
   rPois:     It protects you from poison.
   rN:        It protects you from negative energy.
 o - a +6 ring of strength
 s - the amulet of the Lonely Portals (around neck) {rPois Regen+ rCorr Int+4 Dex+2}
   (You bought it in a shop in the Dungeon)

   [amulet of regeneration]

   Int:       It affects your intelligence (+4).
   Dex:       It affects your dexterity (+2).
   rPois:     It protects you from poison.
   Regen:     It increases your rate of health regeneration.
   rCorr:     It protects you from acid and corrosion.
 t - a ring of protection from fire
Wands
 b - a wand of mindburst (14)
 g - a wand of digging (4)
 i - a wand of flame (11)
Scrolls
 d - 2 scrolls of immolation
 h - 3 scrolls of blinking
 l - a scroll of poison
 m - a scroll of silence
 w - a scroll of enchant weapon
 x - a scroll of amnesia
 D - a scroll of enchant armour
Potions
 f - 4 potions of magic
 k - 7 potions of curing
 p - 4 potions of heal wounds
 q - a potion of invisibility
 r - 3 potions of might
 u - a potion of attraction {unknown}
 v - a potion of flight {unknown}
 z - a potion of haste
Miscellaneous
 y - a phantom mirror
 A - a lightning rod (4/4)


   Skills:
 + Level 11.5 Fighting
 + Level 13.4 Dodging
 + Level 6.2 Stealth
 + Level 19.3 Unarmed Combat
 + Level 18.0 Spellcasting
 + Level 14.6 Transmutations
 + Level 6.2 Ice Magic
 + Level 2.5 Poison Magic
 + Level 4.0 Evocations


You had 26 spell levels left.
You knew the following spells:

 Your Spells              Type           Power      Damage    Failure   Level
a - Beastly Appendage     Tmut           100%       N/A       0%          1
b - Wereblood             Tmut           75%        N/A       0%          2
c - Spider Form           Tmut/Pois      58%        N/A       1%          3
d - Ice Form              Ice/Tmut       64%        N/A       1%          4
e - Blade Hands           Tmut           37%        N/A       1%          5
f - Dragon Form           Tmut           37%        N/A       4%          7

Your spell library contained the following spells:

 Spells                   Type           Power      Damage    Failure   Level
 Ensorcelled Hibernation  Hex/Ice        72%        N/A       1%          2
 Static Discharge         Conj/Air       21%        N/A       3%          2
 Irradiate                Conj/Tmut      27%        3d22      3%          5
 Mephitic Cloud           Conj/Pois/Air  25%        N/A       4%          3
 Confusing Touch          Hex            21%        N/A       7%          3
 Portal Projectile        Hex/Tloc       42%        N/A       7%          3
 Tukima's Dance           Hex            21%        N/A       7%          3
 Leda's Liquefaction      Hex/Erth       10%        N/A       22%         4
 Lightning Bolt           Conj/Air       10%        1d23      54%         5
 Summon Mana Viper        Hex/Summ       21%        N/A       54%         5
 Monstrous Menagerie      Summ           10%        N/A       100%        7
 Discord                  Hex            10%        N/A       100%        8
 Necromutation            Tmut/Necr      27%        N/A       100%        8
 Corpse Rot               Necr/Pois/Air  Unusable   N/A       N/A         4

Dungeon Overview and Level Annotations

Branches:
Dungeon (1/1)

Altars:
Cheibriados
Dithmenos
Elyvilon
Fedhas
Gozag
Hepliaklqana
Kikubaaqudgha
Makhleb
Nemelex Xobeh
Okawaru
Qazlal
Ru
Sif Muna
Trog
Uskayaw
Vehumet
Wu Jian
Xom
Yredelemnul
Zin
The Shining One
Jiyva
Lugonu

Shops:
D !((*(((:*(=[[[=:[*:!?[::!:*(


Innate Abilities, Weirdness & Mutations

You are a fearsome dragon!
You have a powerful clawing attack.
Your giant scaled body is strong and resiliant, but less evasive.
You can breathe fire.
You are flying.
Your maximum health is greatly increased.
Your armour is entirely melded.
You are incapable of wielding weapons or throwing items.
You are too large for most types of armour.
((You have tough skin. (AC +1)))
((You have a pair of small antennae on your head.))
((You have large cloven feet.))
((Armour fits poorly on your strangely shaped body.))
You are frail. (-10% HP)
Your magical capacity is low. (-10% MP)
You are weak. (Str -2)
You expend magic power (3 MP) to strengthen your wands.


Message History

You bite the sixfirhy!!
The sixfirhy is severely wounded.
You hit the sixfirhy.
Your tail-slap misses the sixfirhy.
Your claw misses the sixfirhy.
The sixfirhy is severely wounded.
You maul the sixfirhy!!!!
You kill the sixfirhy!
Your Spellcasting skill increases to level 18!
Your Evocations skill increases to level 4!
You now have 1256 gold pieces (gained 63).
Things that are here:
a +1 great sword of flaming; a +0 great sword of flaming You see here a +0 great sword of flaming.
You see here a +1 great sword of flaming.
There is an open door here.
An efreet comes into view.
It is wielding a +0 scimitar of flaming.
There is an open door here.
You maul the efreet!!!!
You kill the efreet!
You now have 1355 gold pieces (gained 99).
You see here a +0 scimitar of flaming.
There is an open door, spattered with blood here.
An Ice Fiend comes into view.
You see here 21 stones.
Things that are here:
a +0 robe; a +0 dagger
There is an open door here.
There is an open door here.
There is an open door here.
There is an open door here.
Things that are here:
a +0 robe; a +3 scythe of flaming
There is an open door, spattered with blood here.
You see here a +0 giant club.
There is an open door here.
Things that are here:
a +0 scale mail; a +0 dagger
There is an open door, spattered with blood here.
There is a staircase leading out of the dungeon here.
You have escaped!

##################
#D.#..'..#.['..#__
#..'[.#..)..#..'..
#..#####'#####'#__
#..####..#...#(###
#..#__####..##.#§≈
#..#_____##'#_∩'≈≈
#⌠⌠#_.∩...'..._#§§
###._..__##_.#'##+
#..#_____###'#....


There were no monsters in sight!

Vanquished Creatures
  Tiamat (D)
  the Lernaean hydra (D)
  A golden dragon (D)
  A deep elf master archer (D)
  A shadow dragon (D)
  A daeva (D)
  4 fire giants (D)
  A lorocyproca (D)
  A deep elf annihilator (D)
  A mummy priest (D)
  A hydra (D)
  2 centaur warriors (D)
  Sonja (D)
  A sixfirhy (D)
  A deep troll (D)
  A lindwurm (D)
  8 shining eyes (D)
  2 oklob plants (D)
  2 merfolk sirens (D)
  4 demonic crawlers (D)
  A gargoyle (D)
  7 unseen horrors (D)
  2 kobold demonologists (D)
  A hellwing (D)
  An efreet (D)
  A meliai (D)
  5 hornets (D)
  A slime creature (D)
  Sigmund (D)
  13 hogs (D)
  2 redbacks (D)
  A yak (D)
  7 floating eyes (D)
  An ogre (D)
  7 necrophages (D)
  8 jellies (D)
  Ijyb (D)
96 creatures vanquished.

Vanquished Creatures (others)
  A gargoyle (D)
  2 ballistomycete spores (D)
3 creatures vanquished.

Grand Total: 99 creatures vanquished

Notes
Turn   | Place    | Note
-------+----------+-------------------------------------------
     0 | D        | mhtbhm the Ogre Transmuter began the quest for the Orb.
     0 | D        | Reached XP level 1. HP: 19/19 MP: 3/3
     3 | D        | Noticed Ijyb
    15 | D        | Killed Ijyb
    16 | D        | Reached skill level 4 in Unarmed Combat
    16 | D        | Reached XP level 2. HP: 2/27 MP: 2/6
    16 | D        | Reached XP level 3. HP: 3/33 MP: 2/8
   295 | D        | Learned a level 2 spell: Wereblood
   299 | D        | Learned a level 3 spell: Spider Form
   301 | D        | Found a basalt altar of Yredelemnul.
   301 | D        | Found a hide-covered altar of Uskayaw.
   301 | D        | Found a hazy altar of Hepliaklqana.
   301 | D        | Found a shadowy altar of Dithmenos.
   301 | D        | Found a sacrificial altar of Ru.
   301 | D        | Found a snail-covered altar of Cheibriados.
   301 | D        | Found an opulent altar of Gozag.
   301 | D        | Found a sparkling altar of Nemelex Xobeh.
   302 | D        | Found an ancient bone altar of Kikubaaqudgha.
   302 | D        | Found Joihilar's Assorted Antiques.
   302 | D        | Found a glowing golden altar of the Shining One.
   302 | D        | Found an iron altar of Okawaru.
   302 | D        | Found a bloodstained altar of Trog.
   302 | D        | Found a blossoming altar of Fedhas.
   302 | D        | Found a stormy altar of Qazlal.
   302 | D        | Found a white marble altar of Elyvilon.
   302 | D        | Found a glowing silver altar of Zin.
   302 | D        | Noticed a yak
   319 | D        | Killed a yak
   320 | D        | Reached skill level 7 in Unarmed Combat
   320 | D        | Reached skill level 5 in Spellcasting
   320 | D        | Reached XP level 4. HP: 26/42 MP: 4/11
   320 | D        | Reached XP level 5. HP: 30/49 MP: 4/12
   321 | D        | Found a shimmering blue altar of Sif Muna.
   321 | D        | Found a radiant altar of Vehumet.
   321 | D        | Found an ornate altar of the Wu Jian Council.
   349 | D        | Became a worshipper of Gozag Ym Sagoz the Greedy
   455 | D        | Learned a level 4 spell: Ice Form
   557 | D        | Noticed Sigmund
   561 | D        | Killed Sigmund
   562 | D        | Reached skill level 5 in Dodging
   562 | D        | Reached skill level 9 in Unarmed Combat
   562 | D        | Reached skill level 5 in Transmutations
   562 | D        | Reached skill level 1 in Poison Magic
   562 | D        | Reached XP level 6. HP: 57/57 MP: 7/15
   568 | D        | Reached skill level 1 in Ice Magic
   572 | D        | Found a burning altar of Makhleb.
   572 | D        | Found a viscous altar of Jiyva.
   572 | D        | Found a shimmering altar of Xom.
   572 | D        | Found a corrupted altar of Lugonu.
   572 | D        | Noticed a slime creature
   577 | D        | Killed a slime creature
   578 | D        | Reached skill level 10 in Unarmed Combat
   578 | D        | Reached XP level 7. HP: 36/66 MP: 11/18
   754 | D        | Found Ofaalalo's Armour Emporium.
   797 | D        | Noticed a deep troll
   803 | D        | Killed a deep troll
   804 | D        | Reached skill level 1 in Stealth
   804 | D        | Reached skill level 11 in Unarmed Combat
   804 | D        | Reached XP level 8. HP: 20/78 MP: 14/21
  1102 | D        | Noticed a kobold demonologist
  1102 | D        | Noticed a kobold demonologist
  1103 | D        | Paralysed by a floating eye for 3 turns
  1104 | D        | Noticed a sixfirhy
  1115 | D        | Noticed a red devil
  1116 | D        | HP: 3/94 [red devil/+0 trident[a kobold demonologist] (13)]
  1121 | D        | Noticed a rust devil
  1122 | D        | Killed a kobold demonologist
  1123 | D        | HP: 2/94 [ufetubus[a kobold demonologist] (4)]
  1125 | D        | Killed a kobold demonologist
  1126 | D        | Reached skill level 5 in Fighting
  1126 | D        | Reached XP level 9. HP: 3/88 MP: 18/22
  1339 | D        | Killed a gargoyle
  1508 | D        | Noticed a lindwurm
  1521 | D        | Killed a lindwurm
  1522 | D        | Reached skill level 12 in Unarmed Combat
  1522 | D        | Reached skill level 10 in Spellcasting
  1522 | D        | Reached skill level 1 in Evocations
  1783 | D        | Reached skill level 13 in Unarmed Combat
  1786 | D        | Reached XP level 10. HP: 99/100 MP: 21/25
  2042 | D        | Noticed Sonja
  2051 | D        | Killed Sonja
  2052 | D        | Reached skill level 14 in Unarmed Combat
  2243 | D        | Found Ocotyax's Distillery.
  2487 | D        | Noticed a centaur warrior
  2487 | D        | Noticed a centaur warrior
  2494 | D        | Killed a centaur warrior
  2496 | D        | Killed a centaur warrior
  2505 | D        | Noticed an oklob plant
  2514 | D        | Killed an oklob plant
  2524 | D        | Reached XP level 11. HP: 78/111 MP: 26/26
  2534 | D        | Reached skill level 15 in Unarmed Combat
  2535 | D        | Reached skill level 10 in Dodging
  2778 | D        | Got Sif Muna's Catalogue of the Dark Entourage
  2814 | D        | Found Caigug's Book Shoppe.
  2814 | D        | Found Ixemaedy's Antique Weapon Shop.
  2814 | D        | Found Kazot's General Store.
  2816 | D        | Found Xosay's Weapon Emporium.
  2816 | D        | Found Doipos's Armour Shop.
  2816 | D        | Found Vushokots's Armour Shoppe.
  2816 | D        | Found Icwaot's Antique Armour Boutique.
  2816 | D        | Found Geiffet's Book Emporium.
  2816 | D        | Found Kutar's Armour Shop.
  2816 | D        | Found Caiskane's Assorted Antiques.
  2817 | D        | Bought a book of Weapons for 280 gold pieces
  2818 | D        | Found Liefipro's Book Boutique.
  2819 | D        | Found Ufaom's Magic Scroll Emporium.
  2819 | D        | Found Xaawoll's Distillery.
  2822 | D        | Found Mykhluaho's Book Emporium.
  2831 | D        | Bought a book of Transfigurations for 400 gold pieces
  2837 | D        | Learned a level 5 spell: Blade Hands
  2845 | D        | Learned a level 7 spell: Dragon Form
  2846 | D        | Bought a potion of heal wounds for 55 gold pieces
  2846 | D        | Bought a potion of invisibility for 88 gold pieces
  2846 | D        | Bought a potion of might for 44 gold pieces
  2866 | D        | Bought a potion of might for 76 gold pieces
  2925 | D        | Bought the amulet of the Lonely Portals {rPois Regen+ rCorr
                  | Int+4 Dex+2} for 891 gold pieces
  2930 | D        | Bought a ring of protection from fire for 375 gold pieces
  2961 | D        | Gained mutation: You are frail. (-10% HP) [mutagenic glow]
  3319 | D        | Gained mutation: Your spells are a little easier to cast,
                  | but a little less powerful. [mutagenic glow]
  3890 | D        | Gained mutation: Armour fits poorly on your strangely
                  | shaped body. [mutagenic glow]
  4046 | D        | Noticed a 12-headed hydra
  4048 | D        | Killed a 13-headed hydra
  4050 | D        | Paralysed by a floating eye for 3 turns
  4073 | D        | Noticed a shadow dragon
  4073 | D        | Noticed a golden dragon
  4078 | D        | Killed a shadow dragon
  4079 | D        | Reached skill level 16 in Unarmed Combat
  4079 | D        | Reached skill level 10 in Transmutations
  4083 | D        | Killed a golden dragon
  4091 | D        | Got the Reference Book on Flying Contamination
  4094 | D        | Got the Almanac of Execration
  4248 | D        | Found Beyruh's Antique Weapon Shoppe.
  4474 | D        | Reached skill level 17 in Unarmed Combat
  4506 | D        | Killed a lorocyproca
  4507 | D        | Reached skill level 5 in Stealth
  4507 | D        | Reached XP level 12. HP: 69/110 MP: 9/29
  5201 | D        | Noticed a daeva
  5211 | D        | Killed a daeva
  5212 | D        | Reached skill level 5 in Ice Magic
  5478 | D        | Noticed a fire giant
  5480 | D        | Noticed a fire giant
  5481 | D        | Noticed a fire giant
  5482 | D        | Noticed a fire giant
  5485 | D        | Killed a fire giant
  5487 | D        | Killed a fire giant
  5490 | D        | Killed a fire giant
  5491 | D        | Reached skill level 10 in Fighting
  5491 | D        | Killed a fire giant
  5492 | D        | Reached skill level 18 in Unarmed Combat
  5519 | D        | Found the +4 dragonskin cloak
  5519 | D        | Noticed Tiamat
  5578 | D        | Noticed a deep elf annihilator
  5585 | D        | Killed a deep elf annihilator
  5586 | D        | Reached skill level 15 in Spellcasting
  5601 | D        | Noticed a mummy priest
  5605 | D        | Killed a mummy priest
  5606 | D        | Reached XP level 13. HP: 122/122 MP: 26/32
  5645 | D        | Bought a potion of heal wounds for 70 gold pieces
  5645 | D        | Bought a potion of haste for 140 gold pieces
  5813 | D        | Noticed the 27-headed Lernaean hydra
  5818 | D        | Killed the 26-headed Lernaean hydra
  5894 | D        | Found the +0 mask of the Dragon {Will+ Slay+3 SInv}
  5897 | D        | Found the +7 lajatang of Order {silver, rMut}
  5902 | D        | Noticed a deep elf master archer
  5916 | D        | Killed a deep elf master archer
  6011 | D        | Got the Handbook of Earthen Enchantment
  6140 | D        | Bought a potion of curing for 36 gold pieces
  6140 | D        | Bought a potion of mutation for 96 gold pieces
  6210 | D        | Bought a scroll of blinking for 180 gold pieces
  6234 | D        | Gained mutation: You are weak. (Str -2) [a shining eye]
  6237 | D        | Paralysed by a floating eye for 3 turns
  6237 | D        | Gained mutation: You occasionally shout uncontrollably at
                  | your foes. [a shining eye]
  6237 | D        | Gained mutation: You expend magic power (3 MP) to
                  | strengthen your wands. [a shining eye]
  6237 | D        | Gained mutation: Your magical capacity is low. (-10% MP) [a
                  | shining eye]
  6239 | D        | Gained mutation: You frequently scream uncontrollably at
                  | your foes. [a shining eye]
  6241 | D        | Reached skill level 19 in Unarmed Combat
  6242 | D        | Gained mutation: Your magical capacity is very low. (-20%
                  | MP) [a shining eye]
  6243 | D        | Gained mutation: Your spells are easier to cast, but less
                  | powerful. [a shining eye]
  6338 | D        | Found Zetemn's Antique Weapon Shoppe.
  6338 | D        | Found Tuuff's Weapon Boutique.
  6338 | D        | Found Pefen's Weapon Emporium.
  6339 | D        | Found Edeesuja's Antique Weapon Shop.
  6361 | D        | Bought a potion of curing for 39 gold pieces
  6361 | D        | Bought a potion of might for 52 gold pieces
  6361 | D        | Bought a potion of might for 52 gold pieces
  6361 | D        | Bought a potion of mutation for 104 gold pieces
  6361 | D        | Lost mutation: Your spells are easier to cast, but less
                  | powerful. [potion of mutation]
  6361 | D        | Lost mutation: Your spells are a little easier to cast, but
                  | a little less powerful. [potion of mutation]
  6361 | D        | Lost mutation: You frequently scream uncontrollably at your
                  | foes. [potion of mutation]
  6362 | D        | Lost mutation: You occasionally shout uncontrollably at
                  | your foes. [potion of mutation]
  6362 | D        | Lost mutation: Your magical capacity is very low. (-20% MP)
                  | [potion of mutation]
  6362 | D        | Gained mutation: You have large cloven feet. [potion of
                  | mutation]
  6362 | D        | Gained mutation: You have a pair of small antennae on your
                  | head. [potion of mutation]
  6388 | D        | Bought a scroll labelled ZIAS REXATTUO for 24 gold pieces
  6388 | D        | Bought a scroll labelled ZIAS REXATTUO for 24 gold pieces
  6388 | D        | Bought a scroll labelled ZIAS REXATTUO for 24 gold pieces
  6388 | D        | Bought a scroll labelled DETUEW WU ENEMP for 24 gold pieces
  6433 | D        | Bought a scroll of identify for 20 gold pieces
  6448 | D        | Bought a scroll of identify for 38 gold pieces
  6448 | D        | Bought a glowing brown potion for 17 gold pieces
  6448 | D        | Bought a scroll labelled ECOZ ZACLATOR for 19 gold pieces
  6448 | D        | Bought a scroll of identify for 38 gold pieces
  6450 | D        | Bought a scroll of acquirement for 728 gold pieces
  6450 | D        | Bought a scroll of blinking for 105 gold pieces
  6450 | D        | Bought a scroll of identify for 28 gold pieces
  6450 | D        | Acquired 821 gold pieces
  6483 | D        | Bought the ring of Xom's Full Attention {rElec rPois rN+
                  | rCorr Int+4} for 678 gold pieces
  6483 | D        | Bought the ring of Etajomamu {rPois rC+ rN+ AC+4} for 759
                  | gold pieces
  6611 | D        | Killed Tiamat
  6708 | D        | Got the Orb of Zot
  6754 | D        | Noticed an Ice Fiend
  6783 | D        | Escaped with the Orb!

Illustrated notes

Levels and vault maps discovered:
D:        dungeon_sprint_1 [red_sonja_temple_1, red_sonja_temple_small_1]

Skill      XL: |  1  2  3  4  5  6  7  8  9 10 11 12 13 |
---------------+----------------------------------------+-----
Dodging        | 2 4 5 6 8 9 11 12 13 | 13.4
Unarmed Combat | 4 7 9 10 11 13 14 17 18 19 | 19.3
Spellcasting   | 3 5 6 7 9 11 13 15 18 | 18.0
Transmutations | 2 3 5 6 7 8 9 10 12 14 | 14.6
Fighting       | 2 4 5 6 7 9 10 11 | 11.5
Poison Magic   | 1 2 |  2.5
Ice Magic      | 1 2 3 4 5 6 |  6.2
Stealth        | 1 2 4 5 6 |  6.2
Evocations     | 1 2 3 4 |  4.0

Action                   |  1- 3 |  4- 6 |  7- 9 | 10-12 | 13-15 || total
-------------------------+-------+-------+-------+-------+-------++-------
Melee: Unarmed           |    20 |    11 |    56 |   135 |    20 ||   242
       Kick              |     4 |       |     3 |       |       ||     7
       Headbutt          |     2 |       |     1 |       |       ||     3
       Punch             |     1 |       |     3 |     7 |     6 ||    17
       Bite              |       |       |       |     8 |     2 ||    10
       Tailslap          |       |       |       |     7 |     1 ||     8
 Cast: Beastly Appendage |     1 |       |     1 |     2 |       ||     4
       Wereblood         |     1 |     1 |     4 |     6 |     7 ||    19
       Spider Form       |     1 |       |       |     1 |       ||     2
       Ice Form          |       |     1 |     3 |     6 |     3 ||    13
       Dragon Form       |       |       |       |     5 |     5 ||    10
Invok: Potion Petition   |       |       |     1 |     1 |     2 ||     4
       Call Merchant     |       |       |       |     3 |     3 ||     6
 Abil: Breathe Fire      |       |       |       |       |     1 ||     1
Evoke: Wand              |     1 |       |     3 |     6 |     1 ||    11
       Lightning rod     |       |       |       |       |     4 ||     4
       Phantom mirror    |       |       |       |       |     2 ||     2
  Use: Potion            |     2 |       |     3 |     1 |     4 ||    10
       Scroll            |       |       |       |     2 |    13 ||    15
 Stab: Distracted        |       |       |     1 |     1 |     1 ||     3
       Sleeping          |       |       |       |       |     1 ||     1
Armor: Robe              |     1 |     1 |       |     3 |       ||     5
       Skin              |     1 |       |    25 |    61 |    14 ||   101
Dodge: Dodged            |     8 |     3 |    31 |    66 |    17 ||   125

Table legend: (Time is in decaauts)
 A = Elapsed time spent in this place.
 B = Non-inter-level travel time spent in this place.
 C = Inter-level travel time spent in this place.
 D = Time resting spent in this place.
 E = Time spent auto-exploring this place.
 F = Levels seen in this place.
 G = Mean time per level.
                   A        B        C        D        E       F      G
               +--------+--------+--------+--------+--------+-----+--------+
         Total |   6684 |   6684 |      0 |   4099 |      0 |   1 | 6684.0 |
       Dungeon |   6684 |   6684 |      0 |   4099 |      0 |   1 | 6684.0 |
               +--------+--------+--------+--------+--------+-----+--------+

Top non-repeatable levels by time:
       D: 6684 daAuts
